 Dungeon Crawl Stone Soup version 0.27.0-1-g7a089689b8 (webtiles) character file.

Game seed: 14912431380064771698

161 horus123 the Slasher (level 5, -1/41 HPs)
             Began as a Human Fighter on Aug 16, 2021.
             Succumbed to an adder's poison
             ... on level 3 of the Dungeon.
             The game lasted 00:04:12 (2725 turns).

horus123 the Slasher (Human Fighter)                Turns: 2725, Time: 00:04:13

Health: -1/41      AC:  8    Str: 18    XL:     5   Next: 70%
Magic:  5/5        EV:  7    Int:  8    God:
Gold:   112        SH:  9    Dex: 12    Spells: 4/4 levels left

rFire    . . .     SeeInvis .   a - +0 long sword
rCold    . . .     Faith    .   c - +0 kite shield
rNeg     . . .     Spirit   .   b - +0 scale mail
rPois    .         Reflect  .   h - +0 helmet
rElec    .         Harm     .   (no cloak)
rCorr    .         Rampage  .   (no gloves)
Will     .....                  (no boots)
Stlth    ..........             (no amulet)
HPRegen  0.13/turn              (no ring)
MPRegen  0.09/turn              (no ring)

@: lethally poisoned (-1 -> -8)
A: no striking features
a: no special abilities


You were on level 3 of the Dungeon.
You visited 1 branch of the dungeon, and saw 3 of its levels.

You collected 112 gold pieces.

Inventory:

Hand Weapons
 a - a +0 long sword (weapon)
Armour
 b - a +0 scale mail (worn)
 c - a +0 kite shield (worn)
 h - a +0 helmet (worn)
Scrolls
 i - a scroll of identify
 j - a scroll of teleportation {unknown}
 l - a scroll of noise {unknown}
 m - a scroll of summoning {unknown}
Potions
 d - a potion of might
 e - a potion of ambrosia {unknown}
 g - 2 potions of flight {unknown}
 k - a potion of degeneration {unknown}


   Skills:
 + Level 3.6 Fighting
 + Level 4.1 Long Blades
 + Level 3.5 Armour
 + Level 0.8 Dodging
 + Level 0.1 Stealth
 + Level 3.3 Shields


You had 4 spell levels left.
You didn't know any spells.
Your spell library contained the following spells:

 Spells                   Type           Power      Damage    Failure   Level
 Freeze                   Ice            0%         1d3       99%         1
 Corpse Rot               Necr/Air       N/A        N/A       100%        2
 Frozen Ramparts          Ice            0%         1d2       100%        3
 Stone Arrow              Conj/Erth      0%         3d7       100%        3
 Summon Guardian Golem    Hex/Summ       0%         N/A       100%        3
 Dispel Undead            Necr           0%         3d6       100%        4
 Hailstorm                Conj/Ice       0%         3d3       100%        4
 Bolt of Magma            Conj/Fire/Erth 0%         4d4       100%        5
 Death Channel            Necr           0%         N/A       100%        6
 Orb of Destruction       Conj           0%         N/A       100%        7
 Spellforged Servitor     Conj/Summ      0%         N/A       100%        7
 Shatter                  Erth           0%         3d5*      100%        9


Dungeon Overview and Level Annotations

Branches:
Dungeon (3/15)

Altars:
Xom

Shops:
D:1 =


Message History

* * * LOW HITPOINT WARNING * * *
You are poisoned.
The adder poisons you!
* * * LOW HITPOINT WARNING * * *
You feel sick.
* * * LOW HITPOINT WARNING * * *
You feel sick.
You feel better. The adder bites you.
* * * LOW HITPOINT WARNING * * *
You are poisoned.
The adder poisons you!
You feel sick.
Your transformation has ended.
Your +0 long sword unmelds from your body.
Your +0 helmet unmelds from your body.
Your +0 kite shield unmelds from your body.
Your +0 scale mail unmelds from your body.
You feel sick.
You feel sick.
You feel sick.
You feel sick. You block the adder's attack.
You feel sick.
You are no longer poisoned.
You completely miss the adder.
The adder is moderately wounded.
The adder barely misses you.
You riposte.
You barely miss the adder.
The adder is moderately wounded.
You block the adder's attack.
You closely miss the adder.
The adder is moderately wounded.
You block the adder's attack.
You closely miss the adder.
The adder is moderately wounded.
You block the adder's attack. The adder bites you.
* * * LOW HITPOINT WARNING * * *
You are lethally poisoned!
The adder poisons you!
You slash the adder!
You kill the adder!
You die...

.......# ### ..####.# ##### #.#
#.... . #.# ########. .. #.###
#........ .. #.#.# ###.#####
#.##.#.# #############......
#....#.######<............#####
#.#..........†@................
# #>.......................÷...
.######.#######.##########.#####
........#######.##########.#
.###.#..........#..........##
#............#.#.........#
###.########.#.#.......<.#### #.
#.#.......≈....... #.
#.#.......≈.......


There were no monsters in sight!

Vanquished Creatures
  Natasha (thrice) (D:3)
  Ijyb (D:3)
  2 adders (D:3)
  4 dart slugs
  7 endoplasms
  2 giant cockroaches (D:2)
  3 hobgoblins
  6 jackals
  2 kobolds
  A quokka (D:1)
  3 ball pythons (D:1)
  2 bats
  4 frilled lizards
  3 goblins (D:1)
  4 rats
47 creatures vanquished.

Vanquished Creatures (others)
  Jessica (D:3)
1 creature vanquished.

Grand Total: 48 creatures vanquished

Notes
Turn   | Place    | Note
-------+----------+-------------------------------------------
     0 | D:1      | horus123 the Human Fighter began the quest for the Orb.
     0 | D:1      | Reached XP level 1. HP: 18/18 MP: 1/1
   400 | D:1      | Reached XP level 2. HP: 23/24 MP: 2/2
   467 | D:1      | Found a faded altar of an unknown god.
   649 | D:1      | Found Angaedab's Jewellery Boutique.
   698 | D:1      | Reached XP level 3. HP: 29/29 MP: 3/3
  1797 | D:3      | Noticed Jessica
  1804 | D:3      | Killed Jessica
  1805 | D:3      | Reached skill level 3 in Long Blades
  1805 | D:3      | Reached XP level 4. HP: 35/35 MP: 4/4
  2016 | D:3      | Found a shimmering altar of Xom.
  2069 | D:3      | Noticed Natasha
  2091 | D:3      | Killed Natasha
  2343 | D:3      | Noticed Natasha
  2351 | D:3      | Killed Natasha
  2352 | D:3      | Reached XP level 5. HP: 41/41 MP: 5/5
  2469 | D:3      | Noticed Natasha
  2475 | D:3      | Killed Natasha
  2476 | D:3      | Reached skill level 4 in Long Blades
  2676 | D:3      | Noticed Ijyb
  2689 | D:3      | Killed Ijyb
  2724 | D:3      | HP: 2/41 [adder (3)]
  2725 | D:3      | Succumbed to an adder's poison

Illustrated notes

Levels and vault maps discovered:
D:1:      saegor_arrival_simple_e, layout_loops_corners, serial_shops, shop,
          ebering_ecumenical_altar_sacrificial
D:2:      layout_basic, serial_bayou_lagoon_b
D:3:      layout_basic, overflow_temple_1_default, lemuel_old_faithful,
          uniq_ijyb, uniq_natasha, uniq_jessica

Skill      XL: |  1  2  3  4  5 |
---------------+----------------+-----
Long Blades    | 3 4 |  4.1
Fighting       | |  3.6
Armour         | |  3.5
Dodging        | |  0.8
Stealth        | |  0.1
Shields        | |  3.3

Action                   |  1- 3 |  4- 6 || total
-------------------------+-------+-------++-------
Melee: Long sword        |    95 |    45 ||   140
       Unarmed           |       |    12 ||    12
  Use: Scroll            |     2 |       ||     2
       Potion            |     1 |     2 ||     3
Armor: Scale mail        |    45 |    27 ||    72
Dodge: Dodged            |    39 |    21 ||    60
Block: Kite shield       |    43 |    29 ||    72
       Rpst.: Long sword |     9 |     6 ||    15
